 Dungeon Crawl Stone Soup version 0.27-a0-1579-g97d2440184 (webtiles) character file.

Game seed: 5114123632007310388

527 Sobieck the Insei (level 7, -12/46 HPs)
             Began as an Octopode Transmuter on July 17, 2021.
             Mangled by a komodo dragon (15 damage)
             ... on level 4 of the Dungeon.
             The game lasted 00:13:00 (5965 turns).

Sobieck the Insei (Octopode Transmuter)             Turns: 5965, Time: 00:13:01

Health: -12/46     AC:  1    Str: 16    XL:     7   Next: 23%
Magic:  10/10      EV: 14    Int: 24    God:
Gold:   167        SH:  0    Dex: 12    Spells: 6/10 levels left

rFire    . . .     SeeInvis .     - Unarmed
rCold    . . .     Faith    .   (no shield)
rNeg     . . .     Spirit   .   (helmet currently unavailable)
rPois    .         Reflect  .   (no amulet)
rElec    .         Harm     .   f - +6 ring of intelligence
rCorr    +         Rampage  .   (no ring)
Will     .....                  o - ring of Winter {rCorr Str+7}
Stlth    ++........             (no ring)
HPRegen  0.15/turn              (no ring)
MPRegen  0.12/turn              (no ring)
                                (no ring)
                                (no ring)

@: appendages
A: tentacle spike 3, almost no armour, amphibious, 8 rings, camouflage 1,
gelatinous body 1, (nimble swimmer 1), tentacles
a: End Transformation


You were on level 4 of the Dungeon.
One of your tentacles had grown a beastly spike.
You visited 1 branch of the dungeon, and saw 5 of its levels.

You collected 212 gold pieces.
You spent 45 gold pieces at shops.


Innate Abilities, Weirdness & Mutations

One of your tentacles has grown a beastly spike.
You cannot wear most types of armour.
You are amphibious.
You can wear up to eight rings at the same time.
Your skin changes colour to match your surroundings (Stealth+).
Your rubbery body absorbs attacks. (AC +1, EV +1)
((You are camouflaged near water. (Stealth+)))
You have tentacles for arms and can constrict up to eight enemies at once.


   Skills:
 + Level 3.5 Fighting
 + Level 4.1 Dodging
 + Level 4.6 Unarmed Combat
 - Level 2.0 Spellcasting
 + Level 4.0 Transmutations
 - Level 1.5 Poison Magic


You had 6 spell levels left.
You knew the following spells:

 Your Spells              Type           Power      Damage    Failure   Level
a - Beastly Appendage     Tmut           42%        N/A       2%          1
b - Spider Form           Tmut/Pois      7%         N/A       12%         3

Your spell library contained the following spells:

 Spells                   Type           Power      Damage    Failure   Level
 Wereblood                Tmut           21%        N/A       3%          2
 Blink                    Tloc           N/A        N/A       19%         2
 Ozocubu's Armour         Ice            2%         N/A       34%         3
 Ice Form                 Ice/Tmut       12%        N/A       45%         4
 Manifold Assault         Tloc           2%         N/A       97%         5
 Ozocubu's Refrigeration  Ice            1%         4d5       100%        7
 Storm Form               Tmut/Air       6%         N/A       100%        7

Inventory:

Hand Weapons
 b - a +2 hunting sling {sling}
   (You found it on level 2 of the Dungeon)
Missiles
 a - 56 stones {throwing}
 c - 3 poisoned darts {throwing}
 g - 17 arrows
Armour
 i - a +1 kite shield
   (You bought it in a shop on level 2 of the Dungeon)
Jewellery
 f - a +6 ring of intelligence (left tentacle)
   (You found it on level 4 of the Dungeon)
 o - the ring of Winter (on tentacle) {rCorr Str+7}
   (You found it on level 4 of the Dungeon)

   [ring of resist corrosion]

   Str:       It affects your strength (+7).
   rCorr:     It protects you from acid and corrosion.
Wands
 l - a wand of charming (5)
   (You took it off Ijyb on level 4 of the Dungeon)
Potions
 d - 3 potions of curing {unknown}
 e - a potion of flight {unknown}
 h - 2 potions of brilliance
 j - 2 potions of invisibility
 k - a potion of haste {unknown}
 m - a potion of lignification {unknown}

Dungeon Overview and Level Annotations

Branches:
Dungeon (5/15)
 Temple: D:4-7

Altars:

Shops:
D:2 [

Annotations:
D:1 exclusion: downstairs

......#..##### #.#...............
##....##.#...###.#######..)......
####.##.#....##....# #..........
#.##......##.##.# #...#######
#.###.....#)....# #...#
#...........>######...#
#####.......).).).....#
#......##.####....# ##...#Sl@.#
#....# ##.####### #....# ###
####.#+## #......# ########


You could see a komodo dragon and an adder.


Message History

Things that are here:
a +0 leather armour; a +0 club {mace}; an orc corpse 😮 HP[-8]
You take 8 damage, and now have 30/46 hp.
You closely miss the orc priest. You grab the orc priest.
You squeeze the orc priest! You constrict the orc priest.
The orc priest hits you with a +0 short sword. 😮 HP[-6]
You take 6 damage, and now have 24/46 hp.
You tentacle-slap the orc priest.
You kill the orc priest!
Your Transmutations skill increases to level 4!
Unknown command.
You start resting. 😎 HP[+22]
Your hp is fully restored (46).
You climb downwards.
The adder barely misses you. The komodo dragon closely misses you.
The adder bites you.
You are poisoned.
The adder poisons you!
The howler monkey zombie closely misses you.
The komodo dragon completely misses you.
There is a stone staircase leading up, spattered with blood here. 😕 HP[-1]
You take 1 damage, and now have 45/46 hp.
You feel sick. The adder barely misses you.
The howler monkey zombie closely misses you.
The komodo dragon barely misses you. The adder bites you.
You climb upwards.
You feel sick.
There is a stone staircase leading down, spattered with blood here.
Things that are here:
a +0 leather armour; a +0 club {mace}; an orc corpse 😕 HP[-6]
You take 6 damage, and now have 39/46 hp.
Unknown command.
You feel sick. 😕 HP[-1]
You take 1 damage, and now have 38/46 hp.
You feel sick.
You feel sick.
You are no longer poisoned. 😕 HP[-1]
You take 1 damage, and now have 37/46 hp.
The adder bites you.
You are poisoned.
The adder poisons you! 😮 HP[-3]
You take 3 damage, and now have 34/46 hp.
Casting: Beastly Appendage (safe; 2% risk of failure)
Confirm with . or Enter, or press ? or * to list all spells.
One of your tentacles grows a vicious spike.
You feel sick. 😮 HP[-1] MP[-1]
You take 1 damage, and now have 33/46 hp.
You lost 1 mp, and now have 9/10 mp.
Unknown command.
You closely miss the komodo dragon.
You pierce the komodo dragon.
You feel sick. The komodo dragon misses you. 😮 HP[-1]
You take 1 damage, and now have 32/46 hp.
You tentacle-slap the komodo dragon. You squeeze the komodo dragon!
You feel sick. 😮 HP[-1]
You take 1 damage, and now have 31/46 hp.
You tentacle-slap the komodo dragon but do no damage.
You pierce the komodo dragon.
You squeeze the komodo dragon, but do no damage.
You feel sick.
The komodo dragon completely misses you. 😮 HP[-1]
You take 1 damage, and now have 30/46 hp.
You tentacle-slap the komodo dragon but do no damage.
You pierce the komodo dragon.
You feel sick.
You are no longer poisoned.
The komodo dragon bites you!
* * * LOW HITPOINT WARNING * * *
😨 HP[-10]
You take 10 damage, and now have 20/46 hp.
MASSIVE DAMAGE!! (PAUSE)
You tentacle-slap the komodo dragon. The komodo dragon bites you.
* * * LOW HITPOINT WARNING * * *
😨 HP[-4]
You take 4 damage, and now have 16/46 hp.
Unknown command.
You tentacle-slap the komodo dragon but do no damage.
The komodo dragon misses you.
Unknown command.
You bludgeon the komodo dragon!
You pierce the komodo dragon.
You squeeze the komodo dragon, but do no damage.
The komodo dragon barely misses you.
You tentacle-slap the komodo dragon but do no damage.
Your tentacle spike misses the komodo dragon.
Your squeeze misses the komodo dragon. The komodo dragon bites you!
* * * LOW HITPOINT WARNING * * *
😱 HP[-13] MP[+1]
You take 13 damage, and now have 3/46 hp.
MASSIVE DAMAGE!! (PAUSE)
Your mp is fully restored (10).
You barely miss the komodo dragon. The komodo dragon bites you!
You die...

Skill      XL: |  1  2  3  4  5  6  7 |
---------------+----------------------+-----
Poison Magic   | 1 |  1.5
Fighting       | 2 3 |  3.5
Dodging        | 3 4 |  4.1
Unarmed Combat | 4 |  4.6
Transmutations | 3 4 |  4.0
Spellcasting   | |  2.0

Action                   |  1- 3 |  4- 6 |  7- 9 || total
-------------------------+-------+-------+-------++-------
Melee: Unarmed           |    83 |   101 |    30 ||   214
       Constrict         |    19 |    21 |     7 ||    47
       Tentacles         |    10 |    18 |     6 ||    34
       Kick              |     6 |    14 |     5 ||    25
       Punch             |     2 |     2 |     1 ||     5
 Fire: Hunting sling     |    12 |    89 |    10 ||   111
 Cast: Beastly Appendage |     5 |     7 |     2 ||    14
       Spider Form       |       |     1 |       ||     1
  Use: Scroll            |       |    10 |     1 ||    11
       Potion            |       |     2 |       ||     2
 Stab: Sleeping          |     4 |       |       ||     4
       Distracted        |       |     1 |       ||     1
Armor: Skin              |     6 |     5 |       ||    11
Dodge: Dodged            |    84 |    55 |    36 ||   175

Levels and vault maps discovered:
D:1:      minmay_arrival_cross, layout_rooms,
          shapermc_ecumenical_altar_mp_highgroup, serial_forest,
          infiniplex_forest_end_2, infiniplex_forest_lined_2,
          infiniplex_forest_diagonal, infiniplex_forest_clump_curved,
          infiniplex_forest_zigzag_2, infiniplex_forest_straight_3,
          infiniplex_forest_clump_cross
D:2:      layout_basic, serial_shops, shop, serial_bayou_pond_c,
          hangedman_decor_riveting
D:3:      layout_basic, interstate_on_off
D:4:      kennysheep_the_goblin_king, layout_basic, corexii_checkpoint_b
D:5:      layout_loops_cross, kennysheep_little_box

Notes
Turn   | Place    | Note
-------+----------+-------------------------------------------
     0 | D:1      | Sobieck the Octopode Transmuter began the quest for the
                  | Orb.
     0 | D:1      | Reached XP level 1. HP: 13/13 MP: 3/3
     0 | D:1      | magus.rc [v1.9.6]
   123 | D:1      | Reached XP level 2. HP: 9/18 MP: 3/5
   268 | D:1      | Found a faded altar of an unknown god.
   731 | D:2      | Reached XP level 3. HP: 23/23 MP: 6/6
   738 | D:1      | Learned a level 3 spell: Spider Form
  2106 | D:2      | You add the spells Blink, Manifold Assault and Storm Form
                  | to your library.
  2286 | D:3      | Reached skill level 1 in Poison Magic
  2286 | D:3      | Reached XP level 4. HP: 10/29 MP: 7/7
  2499 | D:2      | Reached skill level 2 in Fighting
  2500 | D:2      | HP: 2/29 [gnoll (9)]
  2848 | D:2      | Found Xieloecs's Armour Shoppe.
  2857 | D:2      | Bought a +0 kite shield for 45 gold pieces
  2870 | D:2      | You add the spells Ozocubu's Armour and Ozocubu's
                  | Refrigeration to your library.
  3523 | D:3      | Reached XP level 5. HP: 34/34 MP: 8/8
  3583 | D:3      | Noticed an ogre
  3609 | D:3      | Killed an ogre
  3610 | D:3      | Reached skill level 3 in Dodging
  3610 | D:3      | Reached skill level 4 in Unarmed Combat
  3610 | D:3      | Reached skill level 3 in Transmutations
  3615 | D:3      | HP: 8/35 [poisoned by a kobold]
  3616 | D:3      | HP: 3/35 [kobold (4)]
  4185 | D:5      | Entered Level 5 of the Dungeon
  4208 | D:4      | Reached XP level 6. HP: 41/41 MP: 9/9
  4760 | D:4      | Reached skill level 3 in Fighting
  4760 | D:4      | Noticed Ijyb
  4778 | D:4      | Killed Ijyb
  5054 | D:4      | Reached XP level 7. HP: 34/46 MP: 8/10
  5290 | D:4      | Reached skill level 4 in Dodging
  5508 | D:4      | Identified the ring of Winter {rCorr Str+7}
  5609 | D:5      | Noticed a komodo dragon
  5805 | D:4      | Reached skill level 4 in Transmutations
  5964 | D:4      | HP: 3/46 [komodo dragon (13)]
  5965 | D:4      | Mangled by a komodo dragon

Vanquished Creatures
  An ogre (D:3)
  A howler monkey (D:4)
  A centaur skeleton (D:4)
  An orc priest (D:4)
  A hound (D:4)
  A jelly (D:4)
  2 iguanas (D:4)
  Ijyb (D:4)
  A hound skeleton (D:4)
  5 gnolls
  4 adders
  An ufetubus (D:4)
  An adder skeleton (D:4)
  3 worms
  A dart slug (D:1)
  6 orcs (D:4)
  3 ball pythons
  7 endoplasms
  4 giant cockroaches
  13 goblins
  3 hobgoblins
  9 jackals
  10 kobolds
  A quokka (D:2)
  5 bats
  8 frilled lizards
  5 rats
99 creatures vanquished.

Vanquished Creatures (others)
  7 plants
7 creatures vanquished.

Grand Total: 106 creatures vanquished

Table legend:
 A = Non-vault XP
 B = Vault XP
 C = Vault XP percentage of total XP
 D = Non-vault monster count
 E = Vault monster count
 F = Vault count percentage of total count
                 A         B        C        D         E       F
            +---------+---------+-------+---------+---------+-------
      Total |     704 |      49 |   6.5 |      90 |       9 |   9.1
            +---------+---------+-------+---------+---------+-------
        D:1 |      47 |       0 |   0.0 |      19 |       0 |   0.0
        D:2 |      84 |       0 |   0.0 |      25 |       0 |   0.0
        D:3 |     174 |       0 |   0.0 |      20 |       0 |   0.0
        D:4 |     386 |      49 |  11.3 |      25 |       9 |  26.5
        D:5 |      13 |       0 |   0.0 |       1 |       0 |   0.0
            +---------+---------+-------+---------+---------+-------

Illustrated notes

Table legend:
 A = Kills in this place as a percentage of kills in entire the game.
 B = Kills by you in this place as a percentage of kills by you in the entire game.
 C = Kills by friends in this place as a percentage of kills by friends in the entire game.
 D = Other kills in this place as a percentage of other kills in the entire game.
 E = Experience gained in this place as a percentage of experience gained in the entire game.
 F = Experience gained in this place divided by the number of levels of this place that you have seen.
                   A       B       C       D       E      F
               +-------+-------+-------+-------+-------+----------------------
         Total | 100.0 | 100.0 |   N/A |   N/A | 100.0 | 150.6
       Dungeon | 100.0 | 100.0 |   N/A |   N/A | 100.0 | 150.6
               +-------+-------+-------+-------+-------+----------------------

Table legend: (Time is in decaauts)
 A = Elapsed time spent in this place.
 B = Non-inter-level travel time spent in this place.
 C = Inter-level travel time spent in this place.
 D = Time resting spent in this place.
 E = Time spent auto-exploring this place.
 F = Levels seen in this place.
 G = Mean time per level.
                   A        B        C        D        E       F      G
               +--------+--------+--------+--------+--------+-----+--------+
         Total |   5954 |   5648 |    306 |   1956 |   2871 |   5 | 1190.8 |
       Dungeon |   5954 |   5648 |    306 |   1956 |   2871 |   5 | 1190.8 |
               +--------+--------+--------+--------+--------+-----+--------+

Top non-repeatable levels by time:
     D:1: 1640 daAuts
     D:4: 1484 daAuts
     D:2: 1469 daAuts
     D:3: 1332 daAuts
     D:5: 27 daAuts
